 Dungeon Crawl Stone Soup version 0.23-a0-183-gf37f6fb (webtiles) character file.

53 RoseArtemis the Grave Robber (level 4, -4/30 HPs)
             Began as a Human Necromancer on Sept 21, 2018.
             Slain by a gnoll
             ... wielding a +0 halberd
              (18 damage)
             ... on level 2 of the Dungeon.
             The game lasted 00:10:07 (2162 turns).

RoseArtemis the Grave Robber (Human Necromancer)    Turns: 2162, Time: 00:10:08

Health: -4/30      AC:  2    Str:  9    XL:     4   Next: 10%
Magic:  2/7        EV: 12    Int: 16    God:
Gold:   57         SH:  0    Dex: 13    Spells: 3/8 levels left

rFire    . . .     SeeInvis .   l - +0 dagger
rCold    . . .     Gourm    .   (no shield)
rNeg     . . .     Faith    .   a - +0 robe
rPois    .         Spirit   .   (no helmet)
rElec    .         Reflect  .   (no cloak)
rCorr    .         Harm     .   (no gloves)
MR       .....                  (no boots)
Stlth    ++........             (no amulet)
HPRegen  0.10/turn              (no ring)
MPRegen  0.10/turn              (no ring)

@: very slightly contaminated
A: no striking features
a: no special abilities


You were on level 2 of the Dungeon.
You were not hungry.

You visited 1 branch of the dungeon, and saw 2 of its levels.

You collected 57 gold pieces.

Inventory:

Hand Weapons
 l - a +0 dagger (weapon)
Armour
 a - a +0 robe (worn)
 d - a +0 cloak
Scrolls
 b - a scroll of amnesia {unknown}
 e - a scroll of magic mapping {unknown}
 g - a scroll of remove curse {unknown}
 h - a scroll of identify {unknown}
 i - a scroll of enchant weapon {unknown}
 j - a scroll of blinking {unknown}
Potions
 f - a potion of curing {unknown}
 k - a potion of flight {unknown}
Comestibles
 c - 5 rations
 m - 3 chunks of flesh


   Skills:
 + Level 1.3 Armour
 - Level 2.0 Dodging
 - Level 2.0 Stealth
 + Level 2.5 Spellcasting
 * Level 4.7 Necromancy


You had 3 spell levels left.
You knew the following spells:

 Your Spells              Type           Power        Failure   Level  Hunger
a - Pain                  Necr           ###.         2%          1    #......
b - Animate Skeleton      Necr           N/A          2%          1    #......
c - Regeneration          Chrm/Necr      #.........   22%         3    ###....

Your spell library contained the following spells:

 Spells                   Type           Power        Failure   Level  Hunger
 Vampiric Draining        Necr           ###.......   9%          3    ###....
 Animate Dead             Necr           N/A          28%         4    #####..


Dungeon Overview and Level Annotations

Branches:
Dungeon (2/15)

Altars:
Fedhas


Message History

The jackal writhes in agony!
You kill the jackal!
Casting: Pain (safe; 2% risk of failure)
Confirm with . or Enter, or press ? or * to list all spells.
Aiming: Pain (safe; 2% risk of failure)
Press: ? - help, Shift-Dir - straight line, f - gnoll
Aim: a gnoll, wielding a halberd (chance to defeat MR: 82%)
You miscast Pain.
You are very lightly contaminated with residual magic.
Nothing appears to happen.
The gnoll hits you from afar with a halberd!
Casting: Pain (safe; 2% risk of failure)
Confirm with . or Enter, or press ? or * to list all spells.
Aiming: Pain (safe; 2% risk of failure)
Press: ? - help, Shift-Dir - straight line, f/p - gnoll
Aim: a gnoll, wielding a halberd (chance to defeat MR: 82%)
The gnoll writhes in agony!
The gnoll hits you from afar with a halberd!!
Ouch! That really hurt!
You die...

........................
........................
..##....................
........................
.......................
#.##.###..#.#####......
#. #. #..........#.#.# .
.. #..#.####..#.#.#..
..............@........
.##.#.#..#.####..#.#.#..
#.#..#.# #g.#.#.#..
.....#.####.........
.....................
.#.#(.#.##..P.P......
.#.#......###'###....
......... +.. ....
........ #... ...


You could see a gnoll.

Vanquished Creatures
  An adder (D:2)
  A leopard gecko (D:1)
  A ball python (D:2)
  3 bats
  A giant cockroach (D:2)
  5 goblins
  2 hobgoblins
  6 jackals
  3 frilled lizards
  3 kobolds
  7 rats
33 creatures vanquished.

Vanquished Creatures (collateral kills)
  An adder (D:2)
  2 kobolds (D:1)
3 creatures vanquished.

Grand Total: 36 creatures vanquished

Notes
Turn   | Place    | Note
-------+----------+-------------------------------------------
     0 | D:1      | RoseArtemis the Human Necromancer began the quest for the
                  | Orb.
     0 | D:1      | Reached XP level 1. HP: 13/13 MP: 3/3
     3 | D:1      | Learned a level 1 spell: Animate Skeleton
   711 | D:1      | Reached XP level 2. HP: 18/19 MP: 1/5
  1153 | D:1      | Reached XP level 3. HP: 18/24 MP: 0/6
  1296 | D:1      | Reached skill level 1 in Armour
  1677 | D:2      | Found a blossoming altar of Fedhas.
  1897 | D:2      | Learned a level 3 spell: Regeneration
  2062 | D:2      | Reached XP level 4. HP: 29/30 MP: 4/7
  2162 | D:2      | Slain by a gnoll

Vault maps used:
D:1:      dpeg_arrival_castle
D:2:      fedhas_altar_2, lemuel_coloured_pillars_altar, first_ration,
          cheibrodos_gnoll_hut

Skill      XL: |  1  2  3 |
---------------+----------+-----
Armour         | 1 |  1.3
Dodging        | |  2.0
Stealth        | |  2.0
Spellcasting   | |  2.5
Necromancy     | |  4.7

Action                   |  1- 3 |  4- 6 || total
-------------------------+-------+-------++-------
Melee: Unarmed           |     1 |       ||     1
 Cast: Pain              |    52 |     9 ||    61
       Animate Skeleton  |    12 |     2 ||    14
  Eat: Chunk             |     4 |     1 ||     5
Armor: Robe              |     5 |       ||     5
Dodge: Dodged            |    11 |     3 ||    14

Table legend:
 A = Non-vault XP
 B = Vault XP
 C = Vault XP percentage of total XP
 D = Non-vault monster count
 E = Vault monster count
 F = Vault count percentage of total count
                 A         B        C        D         E       F
            +---------+---------+-------+---------+---------+-------
      Total |      72 |       4 |   5.3 |      34 |       2 |   5.6
            +---------+---------+-------+---------+---------+-------
        D:1 |      33 |       0 |   0.0 |      22 |       0 |   0.0
        D:2 |      39 |       4 |   9.3 |      12 |       2 |  14.3
            +---------+---------+-------+---------+---------+-------
